AoeStats
← MZTK | Vasmart

Arena

510261742Analyzed
4v4 RM · 1d ago on Sep 30, 2026· 52m 45s· 8 players
Game mode
Random Map
Map size
Large (8 player)
Population
200
Speed
Normal
Resources
Standard
Victory
Conquest
Starting age
Dark Age
Ending age
Imperial Age
RankedLock teamsTeams togetherTeam positionsShared explorationLock speedFull tech treeHidden civsTurbo modeCheats
Victory
Defeat
1364
+12
🇨🇳 Franks · China
1314
+14
🇺🇸 Dravidians · United States
1313
+14
🇨🇳 Koreans · China
1297
+15
🇵🇪 Varangians · Peru
1462
-20
🇲🇽 Bohemians · Mexico
1353
-17
🇲🇽 Franks · Mexico
1187
-10
🇲🇽 Sicilians · Mexico
1107
-8
N3mu
10:04 Feudal Age
14:04 Castle Age
12:19 Double-Bit Axe
13:01 Gold Mining
12:52 Horse Collar
19:09 Bow Saw
18:45 Loom
21:51 Wheelbarrow
23:56 Horse Collar
29:02 Imperial Age
26:25 Fletching
27:23 Bodkin Arrow
27:28 Padded Archer Armor
29:58 Leather Archer Armor
29:55 Bracer
29:17 Elite Elephant Archer
34:03 Thumb Ring
35:33 Hand Cart
35:04 Town Watch
35:19 Heavy Plow
36:20 Two-Man Saw
36:06 Ring Archer Armor
36:44 Ballistics
37:25 Chemistry
37:50 Conscription
37:38 Medical Corps
39:30 Masonry
39:36 Caravan
40:07 Coinage
41:34 Hoardings
42:46 Banking
42:58 Guard Tower
42:53 Arrowslits
47:12 Wootz Steel
47:33 Keep
48:50 Scale Barding Armor
48:56 Forging
50:18 Elite Urumi Swordsman
51:00 Scale Mail Armor
51:35 Iron Casting
53:17 Guilds
xrw
10:24 Feudal Age
11:38 Loom
14:47 Castle Age
13:05 Double-Bit Axe
13:29 Horse Collar
22:07 Fletching
22:55 Bodkin Arrow
33:09 Fortified Wall
38:16 Imperial Age
36:43 Wheelbarrow
37:03 Scale Mail Armor
37:14 Forging
37:45 Ballistics
37:08 Pikeman
37:49 Squires
38:10 Chain Mail Armor
38:00 Arson
39:01 Bracer
39:35 Conscription
40:22 Plate Mail Armor
40:13 Halberdier
42:15 Gold Mining
42:16 Stone Mining
43:24 Eupseong
48:27 Chemistry
49:41 Iron Casting
51:20 Husbandry
52:26 Murder Holes
52:12 Treadmill Crane
52:18 Arrowslits
297539664
9:52 Feudal Age
13:38 Castle Age
11:55 Double-Bit Axe
14:39 Bow Saw
22:34 Gold Mining
23:50 Wheelbarrow
23:41 Scale Barding Armor
23:47 Forging
26:08 Gold Shaft Mining
26:12 Chain Barding Armor
31:08 Iron Casting
30:35 Husbandry
33:09 Imperial Age
30:57 Hand Cart
34:16 Conscription
33:18 Cavalier
34:00 Chivalry
34:37 Plate Barding Armor
35:02 Blast Furnace
34:44 Paladin
40:48 Caravan
43:51 Scale Mail Armor
43:14 Ordonnance Companies
43:15 Elite Throwing Axeman
45:53 Chain Mail Armor
水母系呆萌美少女可可
4:26 Loom
10:44 Feudal Age
9:28 Loom
14:30 Castle Age
13:33 Double-Bit Axe
17:50 Horse Collar
21:26 Gold Mining
22:51 Bow Saw
22:57 Fletching
30:35 Imperial Age
28:51 Stone Mining
29:40 Wheelbarrow
30:39 Bodkin Arrow
30:45 Padded Archer Armor
31:45 Bracer
32:49 Stone Shaft Mining
33:40 Leather Archer Armor
34:28 Chemistry
34:06 Conscription
34:43 Ballistics
35:46 Hand Cart
35:43 Town Watch
36:53 Pikeman
37:34 Squires
37:20 Arson
38:33 Scale Mail Armor
41:20 Two-Man Saw
41:32 Chain Mail Armor
42:09 Scale Barding Armor
43:27 Plate Mail Armor
45:54 Forging
48:37 Heavy Plow
50:01 Iron Casting
Pancho
11:01 Feudal Age
16:04 Castle Age
15:54 Double-Bit Axe
16:01 Gold Mining
18:13 Bow Saw
19:27 Loom
21:13 Scale Barding Armor
21:54 Forging
23:22 Chain Barding Armor
30:00 Iron Casting
32:26 Imperial Age
29:42 Town Watch
31:15 Husbandry
33:04 Gold Shaft Mining
32:39 Cavalier
32:40 Light Cavalry
34:50 Chemistry
33:52 Capped Ram
38:43 Plate Barding Armor
39:10 Paladin
39:55 Pikeman
40:36 Squires
41:34 Halberdier
42:00 Arson
43:46 Wheelbarrow
43:59 Scale Mail Armor
45:18 Chain Mail Armor
47:20 Plate Mail Armor
50:11 Fletching
51:23 Blast Furnace
51:02 Elite Skirmisher
AbrahamC96
6:34 Loom
9:29 Feudal Age
17:37 Double-Bit Axe
22:40 Castle Age
20:47 Gold Mining
22:34 Stone Mining
23:03 Forging
22:46 Horse Collar
23:42 Bow Saw
24:37 Iron Casting
34:11 Wheelbarrow
37:22 Imperial Age
35:28 Heavy Plow
35:55 Scale Mail Armor
36:54 Hand Cart
36:56 Chain Mail Armor
38:13 Gold Shaft Mining
39:19 Blast Furnace
39:15 Town Watch
41:50 Pikeman
43:02 Squires
44:27 Plate Mail Armor
44:55 Crop Rotation
44:07 Halberdier
MZTK | Vasmart
8:30 Loom
10:26 Feudal Age
14:57 Castle Age
13:25 Double-Bit Axe
21:24 Bow Saw
21:35 Fletching
23:08 Bodkin Arrow
27:16 Ballistics
30:41 Chemistry
34:52 Imperial Age
32:28 Horse Collar
35:05 Murder Holes
36:40 Conscription
36:51 Pikeman
37:31 Squires
38:36 Forging
38:07 Man-at-Arms
38:17 Halberdier
40:44 Scale Mail Armor
Ing.Patrick QG
10:01 Feudal Age
13:41 Castle Age
12:13 Double-Bit Axe
12:10 Horse Collar
18:44 Loom
22:18 Wheelbarrow
23:39 Bow Saw
23:30 Heavy Plow
24:29 Scale Mail Armor
27:54 Imperial Age
27:06 Hand Cart
27:09 Chain Mail Armor
28:35 Squires
27:57 Elite Varangian Guard
29:10 Plate Mail Armor
28:30 Capped Ram
28:59 Gambesons
29:14 Arson
30:19 Conscription
30:19 Gothikon
31:02 Gold Mining
32:13 Two-Man Saw
32:17 Pikeman
34:26 Forging
33:50 Halberdier
34:41 Stone Mining
35:18 Fletching
35:44 Onager
36:34 Siege Engineers
36:43 Heavy Scorpion
38:43 Ballistics
39:24 Chemistry
41:13 Iron Casting
42:55 Blast Furnace
48:59 Crop Rotation
48:43 Masonry
49:02 Siege Ram
52:43 Scale Barding Armor
Connection lost

Rejoining the realm…

Still unreachable

The connection could not be restored.

Session expired

The server has moved on; the page needs a fresh start.